 Dungeon Crawl Stone Soup version 0.31.0-9-g3a7656b989 (webtiles) character file.

Game seed: 3022934798152107851

2694 qw the Skirmisher (level 9, -7/52 HPs)
             Began as a Deep Elf Hunter on Feb 2, 2024.
             Mangled by a vampire (11 damage)
             ... on level 9 of the Dungeon.
             The game lasted 00:00:31 (6405 turns).

qw the Skirmisher (Deep Elf Hunter)                 Turns: 6405, Time: 00:00:31

Health: -7/52      AC:  7    Str: 12    XL:     9   Next: 38%
Magic:  11/11      EV: 19    Int: 15    God:
Gold:   331        SH:  5    Dex: 18    Spells: 8/8 levels left

rFire   . . .        a - +0 shortbow (heavy)
rCold   . . .        (shield currently unavailable)
rNeg    . . .        c - +1 ring mail
rPois   +            (no helmet)
rElec   .            (no cloak)
rCorr   .            (no gloves)
SInv    .            j - +0 pair of boots
Will    .....        i - amulet of reflection
Stlth   +            h - +5 ring of evasion
HPRegen 0.28/turn    b - ring of poison resistance
MPRegen 0.12/turn

%: reflection
@: no status effects
A: no striking features
a: no special abilities


You were on level 9 of the Dungeon.
You visited 1 branch of the dungeon, and saw 8 of its levels.

You collected 331 gold pieces.


   Skills:
 + Level 4.4 Fighting
 - Level 14.0 Ranged Weapons
 - Level 2.0 Armour
 - Level 7.1 Dodging
 - Level 1.2 Stealth


You had 8 spell levels left.
You didn't know any spells.
Your spell library was empty.

Inventory:

Hand Weapons
 a - a +0 heavy shortbow (weapon)
Armour
 c - a +1 ring mail (worn)
 d - a +2 robe of fire resistance
 j - a +0 pair of boots (worn)
 m - the scarf "Acveyxef" {harm, rPois Int+4 Dex-2}
   (You found it on level 6 of the Dungeon)

   Int+4:     It affects your intelligence (+4).
   Dex-2:     It affects your dexterity (-2).
   rPois:     It protects you from poison
Jewellery
 b - a ring of poison resistance (right hand)
 g - a ring of ice
 h - a +5 ring of evasion (left hand)
 i - an amulet of reflection (around neck)
 n - a ring of protection from fire
Wands
 p - a wand of paralysis (5)
Scrolls
 k - a scroll of brand weapon
Potions
 e - 2 potions of resistance
 f - a potion of cancellation
 l - a potion of degeneration {unknown}
 o - a potion of enlightenment {unknown}
 q - a potion of ambrosia {unknown}

Dungeon Overview and Level Annotations

Branches:
Dungeon (7/15)
 Temple: D:4-7

Altars:
Dithmenos
Elyvilon
Ru
Wu Jian

Shops:
D:6 *


Message History

You hear some strange, mumbled words.
Something tries to affect you, but you resist.
You shoot an arrow.
You hear some strange, mumbled words.
You are confused.
Something hits you but does no damage. Something bites you!
Something draws strength from your injuries!
You shoot an arrow. Something closely misses you. Something bites you!
Something draws strength from your injuries!
You shoot an arrow. Something hits you but does no damage. Something bites you.
Something draws strength from your injuries!
You shoot an arrow. Something closely misses you. Something bites you!
Something draws strength from your injuries!
You shoot an arrow. Something hits you but does no damage.
Something closely misses you.
You shoot an arrow.
You feel less confused. Something barely misses you.
Something bites you but does no damage.
You shoot an arrow. Something hits you. Something bites you.
Something draws strength from your injuries!
You block something's attack. Something bites you.
Something draws strength from your injuries!
You shoot an arrow. Something barely misses you.
Something completely misses you.
You shoot an arrow. You block something's attack. Something bites you.
Something draws strength from your injuries!
You shoot an arrow. Something closely misses you. Something barely misses you.
You shoot an arrow. Something hits you but does no damage.
Something barely misses you. Something hits you! Something bites you!
Something draws strength from your injuries!
You shoot an arrow. Something hits you!
You die...

#....#..'.........
#.##.#..#.........
#.##.'..#.##..#...
#....#..#.....#..
#....#+##........
#######....########
..... #....#......#
......#....#......#
......{@...#......#
..#####....'......#
#....##....##
#######....#
#....'....#
#....#....#
#....#....#
#....#....#
#...##....#


There were no monsters in sight!

Vanquished Creatures
  Pikel (D:5)
  Jeremiah (D:6)
  Prince Ribbit (D:6)
  Eustachio (D:5)
  Menkaure (D:6)
  An ice beast (D:5)
  2 ogres
  A centaur (D:9)
  2 lemures (D:5)
  2 phantoms (D:5)
  2 bullfrogs (D:6)
  2 scorpions
  2 jellies
  A bombardier beetle (D:5)
  5 hounds
  An orc priest (D:4)
  A sleepcap (D:6)
  Natasha (thrice) (D:2)
  2 iguanas
  3 orc wizards
  A gnoll (D:1)
  12 adders
  A shadow imp (D:6)
  A white imp (D:6)
  2 ufetubi (D:6)
  3 dart slugs
  A ribbon worm (D:2)
  21 orcs
  9 ball pythons
  8 endoplasms
  A giant cockroach (D:1)
  13 goblins
  5 hobgoblins
  7 jackals (D:1)
  6 kobolds
  7 quokkas
  2 bats (D:1)
  3 frilled lizards (D:1)
  4 rats
142 creatures vanquished.

Notes
Turn   | Place    | Note
-------+----------+-------------------------------------------
     0 | D:1      | qw the Deep Elf Hunter began the quest for the Orb.
     0 | D:1      | Reached XP level 1. HP: 12/12 MP: 3/3
     0 | D:1      | 0 ||| qw: Version: 0.3-a-155-g5e7d8dd
     0 | D:1      | 0 ||| qw: Game counter: 949
     0 | D:1      | 0 ||| qw: Melee chars always use a shield: true
     0 | D:1      | 0 ||| qw: God list: Okawaru
     0 | D:1      | 0 ||| qw: Allow faded altars: false
     0 | D:1      | 0 ||| qw: Do Orc after clearing Dungeon:15 true
     0 | D:1      | 0 ||| qw: Do second Lair branch before Depths: true
     0 | D:1      | 0 ||| qw: Lair rune preference: random
     0 | D:1      | 0 ||| qw: Goals: Normal
     0 | D:1      | 0 ||| PLANNING D:1-11
    44 | D:1      | Reached skill level 6 in Ranged Weapons
    44 | D:1      | Reached XP level 2. HP: 16/16 MP: 4/4
   240 | D:1      | Reached XP level 3. HP: 20/20 MP: 5/5
   324 | D:1      | Reached skill level 7 in Ranged Weapons
   328 | D:1      | Found a faded altar of an unknown god.
   682 | D:1      | 682 ||| UPGRADING to +0 scale mail.
   692 | D:1      | 692 ||| DROPPING +0 leather armour.
   693 | D:1      | 693 ||| READING scroll labelled NOOGURU ESYBI.
   693 | D:1      | 693 ||| BRANDING +0 shortbow.
   694 | D:1      | 694 ||| READING scroll labelled SUESUT ADEJU.
   694 | D:1      | 694 ||| IDENTIFYING fuming white potion
   695 | D:1      | 695 ||| DRINKING 2 murky pink potions.
   696 | D:1      | 696 ||| DROPPING scroll of butterflies.
   850 | D:2      | Noticed Natasha
   853 | D:2      | 853 ||| RETREEEEATING.
   859 | D:2      | Killed Natasha
   860 | D:2      | Reached XP level 4. HP: 15/25 MP: 6/6
   881 | D:2      | 881 ||| FLEEEEING.
   890 | D:2      | 890 ||| FLEEEEING.
   891 | D:2      | 891 ||| FLEEEEING.
   893 | D:2      | 893 ||| FLEEEEING.
   943 | D:2      | Noticed Natasha
   945 | D:2      | Killed Natasha
   946 | D:2      | Reached skill level 8 in Ranged Weapons
  1098 | D:2      | Noticed Natasha
  1104 | D:2      | Killed Natasha
  1105 | D:2      | Reached XP level 5. HP: 28/29 MP: 7/7
  1489 | D:2      | 1489 ||| UPGRADING to +5 ring of evasion.
  1490 | D:2      | 1490 ||| READING 2 scrolls of identify.
  1490 | D:2      | 1490 ||| IDENTIFYING gluggy clear potion
  1491 | D:2      | 1491 ||| READING scroll of identify.
  1491 | D:2      | 1491 ||| IDENTIFYING sedimented yellow potion
  1492 | D:2      | 1492 ||| READING scroll labelled FUROIT OXAJ.
  1493 | D:2      | 1493 ||| DRINKING 2 bubbling green potions.
  1535 | D:2      | 1535 ||| DROPPING potion of lignification.
  1536 | D:2      | 1536 ||| DROPPING potion of attraction.
  1834 | D:3      | Reached skill level 9 in Ranged Weapons
  2310 | D:3      | 2310 ||| READING scroll of identify.
  2310 | D:3      | 2310 ||| IDENTIFYING scroll labelled PUVOUHOBOI
  2311 | D:3      | 2311 ||| READING scroll labelled YBRAEC FUGYHA.
  2312 | D:3      | 2312 ||| READING scroll labelled XEATWY LESHEOX.
  2413 | D:3      | 2413 ||| READING scroll labelled WEMAGU ALABU.
  2417 | D:3      | 2417 ||| DROPPING scroll of revelation.
  2474 | D:4      | Reached skill level 1 in Armour
  2480 | D:4      | HP: 6/30 [orc/+0 trident (3)]
  2481 | D:4      | 2481 ||| DRINKING 3 potions of heal wounds.
  2483 | D:4      | Reached XP level 6. HP: 26/35 MP: 8/8
  2487 | D:4      | 2487 ||| DRINKING 2 potions of curing.
  2487 | D:4      | 2487 ||| (to cure confusion)
  2488 | D:4      | 2488 ||| DRINKING potion of curing.
  2488 | D:4      | 2488 ||| (to cure confusion)
  2496 | D:4      | 2496 ||| FLEEEEING.
  2502 | D:4      | HP: 8/35 [something (3)]
  2506 | D:4      | 2506 ||| DRINKING 2 potions of heal wounds.
  2874 | D:4      | Reached skill level 10 in Ranged Weapons
  3368 | D:4      | 3368 ||| UPGRADING to +0 ring mail.
  3378 | D:4      | 3378 ||| DROPPING +0 scale mail.
  3379 | D:4      | 3379 ||| UPGRADING to amulet of reflection.
  3384 | D:4      | 3384 ||| UPGRADING to ring of poison resistance.
  3385 | D:4      | 3385 ||| READING scroll labelled JISTO CEVIMOMI.
  3385 | D:4      | 3385 ||| ENCHANTING +0 ring mail.
  3400 | D:5      | Entered Level 5 of the Dungeon
  3407 | D:5      | Reached skill level 3 in Dodging
  3419 | D:5      | Reached XP level 7. HP: 38/40 MP: 9/9
  3439 | D:5      | Noticed Pikel
  3440 | D:5      | 3440 ||| RETREEEEATING.
  3442 | D:5      | 3442 ||| RETREEEEATING.
  3444 | D:5      | 3444 ||| RETREEEEATING.
  3449 | D:5      | 3449 ||| RETREEEEATING.
  3463 | D:5      | HP: 9/40 [Pikel/puff of flame (8)]
  3464 | D:5      | 3464 ||| DRINKING potion of heal wounds.
  3468 | D:5      | Killed Pikel
  3469 | D:5      | Reached skill level 12 in Ranged Weapons
  3469 | D:5      | Reached XP level 8. HP: 8/44 MP: 10/10
  3705 | D:5      | HP: 6/45 [something/puff of flame (11)]
  3877 | D:5      | Reached skill level 3 in Fighting
  4513 | D:5      | Reached skill level 13 in Ranged Weapons
  4903 | D:5      | 4903 ||| UPGRADING to +0 pair of boots.
  4929 | D:6      | Noticed Menkaure
  4934 | D:6      | Killed Menkaure
  4939 | D:6      | Noticed Eustachio
  4940 | D:6      | Noticed Jeremiah
  4960 | D:6      | Reached skill level 14 in Ranged Weapons
  4965 | D:6      | 4965 ||| FLEEEEING.
  4966 | D:6      | 4966 ||| FLEEEEING.
  4967 | D:6      | 4967 ||| FLEEEEING.
  4972 | D:6      | 4972 ||| FLEEEEING.
  4973 | D:6      | 4973 ||| STAIRDANCE
  5035 | D:6      | 5035 ||| STAIRDANCE
  5043 | D:5      | Killed Eustachio
  5083 | D:6      | 5083 ||| STAIRDANCE
  5167 | D:6      | 5167 ||| STAIRDANCE
  5229 | D:6      | 5229 ||| STAIRDANCE
  5283 | D:6      | 5283 ||| STAIRDANCE
  5321 | D:6      | 5321 ||| STAIRDANCE
  5326 | D:5      | Reached XP level 9. HP: 49/51 MP: 11/11
  5331 | D:5      | 5331 ||| DROPPING wand of flame (9).
  5334 | D:6      | 5334 ||| STAIRDANCE
  5366 | D:6      | 5366 ||| STAIRDANCE
  5420 | D:6      | 5420 ||| STAIRDANCE
  5520 | D:6      | Killed Jeremiah
  5587 | D:6      | Found a white marble altar of Elyvilon.
  5690 | D:6      | Found an ornate altar of the Wu Jian Council.
  5693 | D:6      | Found a shadowy altar of Dithmenos.
  5730 | D:6      | Found a sacrificial altar of Ru.
  5764 | D:6      | Identified the scarf "Acveyxef" {harm, rPois Int+4 Dex-2}
  5879 | D:6      | Found Atyll's Overcharged Wands.
  5881 | D:6      | Noticed Prince Ribbit
  5896 | D:6      | Killed Prince Ribbit
  5897 | D:6      | Reached skill level 6 in Dodging
  5966 | D:6      | 5966 ||| SHOPLISTING wand of digging (11) (693 gold, have
                  | 331).
  5966 | D:6      | 5966 ||| SHOPLISTING wand of paralysis (18) (648 gold, have
                  | 331).
  5966 | D:6      | 5966 ||| SHOPLISTING wand of polymorph (18) (378 gold, have
                  | 331).
  5966 | D:6      | 5966 ||| SHOPLISTING wand of roots (18) (648 gold, have
                  | 331).
  6156 | D:6      | 6156 ||| READING scroll of identify.
  6156 | D:6      | 6156 ||| IDENTIFYING yellow potion
  6213 | D:7      | You fall into a shaft and drop 2 floors!
  6404 | D:9      | HP: 10/52 [something (10)]
  6404 | D:9      | HP: 3/52 [something (7)]
  6405 | D:9      | Mangled by a vampire

Levels and vault maps discovered:
D:1:      psy_arrival_statuary, layout_loops_ring,
          hellmonk_ecumenical_altar_dog_temple, minmay_tetromino_t4
D:2:      layout_loops_ring, uniq_natasha
D:3:      kennysheep_the_goblin_king, layout_basic, grunt_decor_junction
D:4:      layout_cave_pods, corner_web_ring, minivault_27
D:5:      layout_layer_cave, serial_co_window_serial, co_window_paths_a,
          co_window_corner_a, co_window_corner_a, co_window_paths_b,
          co_window_corner_a, co_window_corner_ca, co_window_unsneaky_path_c,
          co_window_broadway_b, co_window_cross_2, co_window_corner_b,
          co_window_paths_d, glass_columns_a, glass_columns_b, glass_columns_a,
          glass_columns_b, glass_columns_b, uniq_pikel
D:6:      layout_basic, nicolae_ru_awakened_eye, grunt_temple_overflow_open,
          nicolae_shop_overcharged_wands, uniq_prince_ribbit1, uniq_eustachio,
          uniq_menkaure, uniq_jeremiah
D:7:      layout_loops_corners, zin_academy, minmay_temple_entry_junction,
          enter_bailey_4, gammafunk_ghost_necromancy, nicolae_sextant,
          uniq_maggie, uniq_joseph
D:9:      layout_stronghold, minmay_lair_entry_grove, gammafunk_ghost_cemetery

Skill      XL: |  1  2  3  4  5  6  7  8  9 |
---------------+----------------------------+-----
Ranged Weapons | 6 7 8 9 10 12 14 | 14.0
Fighting       | 2 3 4 |  4.4
Armour         | 1 2 |  2.0
Dodging        | 3 5 7 |  7.1
Stealth        | |  1.2

Action                     |  1- 3 |  4- 6 |  7- 9 || total
---------------------------+-------+-------+-------++-------
   Fire: Shortbow          |   102 |   181 |   203 ||   486
    Use: Scroll            |     2 |     8 |     1 ||    11
         Potion            |     1 |     5 |     1 ||     7
 Armour: Leather armour    |    14 |       |       ||    14
         Scale mail        |    12 |   121 |       ||   133
         Ring mail         |       |     3 |    91 ||    94
  Dodge: Dodged            |    31 |   111 |   102 ||   244
  Block: Other             |       |       |    28 ||    28
         Reflection        |       |       |     1 ||     1

Table legend:
 A = Non-vault XP
 B = Vault XP
 C = Vault XP percentage of total XP
 D = Non-vault monster count
 E = Vault monster count
 F = Vault count percentage of total count
                 A         B        C        D         E       F
            +---------+---------+-------+---------+---------+-------
      Total |    2091 |    1758 |  45.7 |     120 |      20 |  14.3
            +---------+---------+-------+---------+---------+-------
        D:1 |      57 |      12 |  17.4 |      24 |       7 |  22.6
        D:2 |     139 |      35 |  20.1 |      19 |       1 |   5.0
        D:3 |      73 |      13 |  15.1 |      14 |       7 |  33.3
        D:4 |     281 |       0 |   0.0 |      26 |       0 |   0.0
        D:5 |     912 |     909 |  49.9 |      18 |       2 |  10.0
        D:6 |     511 |     789 |  60.7 |      18 |       3 |  14.3
        D:9 |     118 |       0 |   0.0 |       1 |       0 |   0.0
            +---------+---------+-------+---------+---------+-------
